 Dungeon Crawl Stone Soup version 0.25.1-2-g60ff931df9 (webtiles) character file.

Game seed: 1748010756124135831

4776 Exodus22XD the Carver (level 10, 0/79 HPs)
             Began as a Human Berserker on Oct 17, 2020.
             Was an Elder of Trog.
             Slain by an ogre
             ... wielding a +0 giant club
             ... summoned by the player character
              (18 damage)
             ... on level 9 of the Dungeon.
             The game lasted 00:17:11 (9738 turns).

Exodus22XD the Carver (Human Berserker)             Turns: 9738, Time: 00:17:11

Health: 0/79       AC: 12    Str: 22    XL:     10   Next: 75%
Magic:  5/10       EV: 12    Int:  3    God:    Trog [****..]
Gold:   170        SH:  0    Dex: 12    Spells: 9/9 levels left

rFire    . . .     SeeInvis .   a - +0 falchion
rCold    + . .     Gourm    .   (no shield)
rNeg     . . .     Faith    .   i - +0 scale mail
rPois    +         Spirit   .   o - +0 helmet
rElec    .         Reflect  +   C - +2 cloak {rCorr}
rCorr    +         Harm     .   (no gloves)
MR       .....                  (no boots)
Stlth    ..........             t - amulet "Uzivyfohu" {Reflect rC+ Int-4 SH+5 Stlth+}
HPRegen  0.23/turn              g - ring of poison resistance (curse)
MPRegen  0.12/turn              (no ring)

@: confused, about to teleport, berserk cooldown, slowed, very slow
A: no striking features
a: Berserk, Trog's Hand, Brothers in Arms, Renounce Religion


You were on level 9 of the Dungeon.
You worshipped Trog.
Trog was greatly pleased with you.
You were not hungry.

You visited 1 branch of the dungeon, and saw 9 of its levels.
You also visited: Ossuary.

You collected 170 gold pieces.

Inventory:

Hand Weapons
 a - a +0 falchion (weapon)
 n - a +0 club
Armour
 i - a +0 scale mail (worn)
 o - a +0 helmet (worn)
 C - a +2 cloak of preservation (worn)
Jewellery
 g - a cursed ring of poison resistance (left hand)
 t - the amulet "Uzivyfohu" (around neck) {Reflect rC+ Int-4 SH+5 Stlth+}
   (You took it off an orc wizard on level 6 of the Dungeon)

   [amulet of reflection]

   It shields you and reflects attacks.
   It affects your intelligence (-4).
   It protects you from cold.
   It affects your SH (+5).
   It makes you more stealthy.
Wands
 u - a wand of iceblast (8)
 w - a wand of flame (42)
 y - a wand of polymorph (10)
 A - a wand of paralysis (17)
 D - a wand of random effects (33)
 E - a wand of enslavement (8)
Scrolls
 b - a scroll of vulnerability
 e - 11 scrolls of teleportation
 l - a scroll of fog
 m - 3 scrolls of enchant armour
 p - a scroll of immolation {unknown}
 q - 14 scrolls of remove curse
 z - 4 scrolls of enchant weapon {unknown}
 B - 2 scrolls of magic mapping {unknown}
Potions
 d - 2 potions of magic {unknown}
 f - 2 potions of brilliance
 h - 2 potions of mutation {unknown}
 j - 2 potions of haste {unknown}
 k - a potion of berserk rage {unknown}
 r - 4 potions of might {unknown}
 s - 4 potions of curing
 v - 2 potions of degeneration {unknown}
 x - a potion of invisibility {unknown}
 G - a potion of lignification {unknown}
Comestibles
 c - 15 rations
 F - 3 chunks of flesh


   Skills:
 + Level 7.4 Fighting
 + Level 10.4 Long Blades
 + Level 7.7 Armour
 + Level 5.5 Dodging


You had 9 spell levels left.
You didn't know any spells.
Your spell library was empty.

Dungeon Overview and Level Annotations

Branches:
Dungeon (9/15)             Temple (0/1) D:4         Ossuary (visited)
   Lair: D:8-11         Orc: D:9-12

Altars:
Ashenzari
Elyvilon
Qazlal
Sif Muna
Trog
Vehumet

Shops:
D:8 }

Annotations:
D:9 5 runed translucent doors, Maurice


Message History

Press: ? - help, Dir - move target cursor, f/p - Maurice
Aim: Maurice, wielding a +0 short sword, wearing a +0 cloak of preservation and carrying a wand of enslavement (4) (covering ground quickly) Attack!
You block the ogre's attack. You block the ogre's attack.
Maurice mumbles some strange words.
Maurice blinks!
The ogre closely misses you. Maurice misses you.
Maurice zaps a wand.
You easily resist.
You block Maurice's attack.
The ogre hits you with a +0 giant club!!
* * * LOW HITPOINT WARNING * * *
As you read the scroll of teleportation, it crumbles to dust.
You feel strangely unstable.
Maurice hits you with a cursed +0 short sword.
* * * LOW HITPOINT WARNING * * *
Maurice steals 419 gold pieces!
You now have 170 gold pieces.
The ogre rages.
The ogre closely misses you.
Maurice zaps a wand.
Your will is overpowered!
You are confused.
The ogre hits you with a +0 giant club!!
You die...

#.##)# #..#.# #.#)#
#. #...##### #.#
##......# #.#
#......# #.# #......#
# #.## #.O@...#
#.#.#. #.@....#
#.#...
##.....########.....
#................<#.
#..>........#######.
#.#####.....##...##.
#.# ##.######.#.##.
#.####..............
#.#....)..######..#.
##.#......##...a##.#.


You could see Maurice (swift) and an ogre (hexed, summoned, berserk).

Vanquished Creatures
  A two-headed ogre (D:9)
  Pikel (D:8)
  Joseph (D:7)
  An eye of draining (D:9)
  An ice beast (D:6)
  A sky beast (D:5)
  An orc warrior (D:7)
  2 phantoms
  An ogre (D:7)
  A slave (D:8)
  A black bear (D:7)
  3 centaurs
  An elf zombie (Ossuary)
  3 bullfrogs
  A gnoll sergeant (D:8)
  A water moccasin zombie (D:8)
  A killer bee (D:7)
  A wight (D:6)
  A howler monkey (D:9)
  2 crimson imps
  A centaur zombie (D:9)
  2 jellies
  A bullfrog skeleton (D:8)
  3 hounds
  2 orc priests (D:9)
  Crazy Yiuf (D:6)
  2 centaur skeletons
  A human zombie (Ossuary)
  An iguana (D:8)
  12 orc wizards
  5 worker ants
  A big kobold zombie (Ossuary)
  2 hound skeletons
  4 mummies (Ossuary)
  Robin (D:2)
  6 gnolls
  13 adders
  3 river rats (D:6)
  3 oozes
  4 adder skeletons
  2 adder zombies
  7 worms
  A dart slug (D:1)
  5 leopard geckos
  42 orcs
  A ball python (D:2)
  4 bats
  9 giant cockroaches
  2 gnoll zombies (Ossuary)
  15 goblins
  14 hobgoblins
  5 jackals
  8 kobolds
  4 quokkas
  6 frilled lizards
  A goblin zombie (Ossuary)
  A hobgoblin zombie (Ossuary)
  A jackal zombie (Ossuary)
  2 kobold zombies (Ossuary)
  2 leopard gecko skeletons
  An orc zombie (Ossuary)
  A quokka skeleton (D:5)
  10 rats
238 creatures vanquished.

Vanquished Creatures (collateral kills)
  Eustachio (D:6)
  An orc warrior (D:6)
  An ogre (D:6)
  A gnoll sergeant (D:6)
  4 killer bees (D:7)
  A wight (D:6)
  A quasit (D:7)
  A hound (D:6)
  2 shadow imps (D:7)
  An orc (D:7)
14 creatures vanquished.

Vanquished Creatures (others)
  A quokka (D:7)
1 creature vanquished.

Grand Total: 253 creatures vanquished

Notes
Turn   | Place    | Note
-------+----------+-------------------------------------------
     0 | D:1      | Exodus22XD the Human Berserker began the quest for the Orb.
     0 | D:1      | Reached XP level 1. HP: 18/18 MP: 1/1
   137 | D:1      | Reached XP level 2. HP: 17/24 MP: 2/2
   713 | D:1      | Reached XP level 3. HP: 29/29 MP: 3/3
   896 | D:2      | Noticed Robin
   906 | D:2      | Reached ** piety under Trog
   934 | D:2      | Reached XP level 4. HP: 16/35 MP: 4/4
   936 | D:2      | HP: 2/52 [worm (8)]
   937 | D:2      | Reached skill level 4 in Long Blades
   954 | D:2      | Killed Robin
  1369 | D:2      | Reached XP level 5. HP: 38/41 MP: 5/5
  2086 | D:3      | Reached *** piety under Trog
  2142 | D:3      | Reached XP level 6. HP: 14/48 MP: 6/6
  2145 | D:3      | Reached skill level 5 in Long Blades
  2519 | D:3      | Found a shattered altar of Ashenzari.
  3507 | D:4      | Reached XP level 7. HP: 54/54 MP: 7/7
  3531 | D:4      | Found a staircase to the Ecumenical Temple.
  3668 | D:4      | Reached **** piety under Trog
  4162 | D:4      | Reached skill level 6 in Long Blades
  4235 | D:5      | Entered Level 5 of the Dungeon
  4693 | D:5      | Reached XP level 8. HP: 61/61 MP: 8/8
  4708 | D:5      | Found a radiant altar of Vehumet.
  4820 | D:5      | Found a stormy altar of Qazlal.
  5269 | D:5      | Found a shimmering blue altar of Sif Muna.
  5462 | D:6      | Noticed Eustachio
  5474 | D:6      | Reached skill level 5 in Fighting
  5474 | D:6      | Reached skill level 7 in Long Blades
  5479 | D:6      | Killed Eustachio
  5489 | D:6      | Reached skill level 5 in Armour
  5663 | D:6      | Identified the amulet "Uzivyfohu" {Reflect rC+ Int-4 SH+5
                  | Stlth+}
  5899 | D:6      | Reached XP level 9. HP: 61/68 MP: 9/9
  6246 | D:6      | Reached skill level 8 in Long Blades
  6912 | D:6      | Found a runed translucent door.
  6913 | D:6      | Noticed Crazy Yiuf
  7036 | D:6      | Killed Crazy Yiuf
  7123 | D:7      | HP: 2/69 [killer bee (6)]
  7571 | D:7      | Found a sand-covered staircase.
  7594 | Ossuary  | Entered an ossuary
  7621 | Ossuary  | Reached skill level 9 in Long Blades
  7945 | Ossuary  | Reached XP level 10. HP: 77/77 MP: 10/10
  8045 | D:7      | Found a radiant altar of Vehumet.
  8155 | D:7      | Noticed Joseph
  8178 | D:7      | Killed Joseph
  8178 | D:7      | Reached skill level 5 in Dodging
  8345 | D:7      | Found a bloodstained altar of Trog.
  8345 | D:7      | Found a shimmering blue altar of Sif Muna.
  8410 | D:7      | Found a white marble altar of Elyvilon.
  8491 | D:8      | Found Woquibik's Gadget Boutique.
  8702 | D:8      | Noticed Pikel
  8719 | D:8      | Killed Pikel
  9185 | D:8      | Reached skill level 10 in Long Blades
  9193 | D:8      | Reached ***** piety under Trog
  9577 | D:9      | Found a runed translucent gate.
  9579 | D:9      | Found a runed translucent gate.
  9579 | D:9      | Found a runed translucent gate.
  9582 | D:9      | Found a runed translucent door.
  9582 | D:9      | Found a runed translucent door.
  9601 | D:9      | Found the +9 staff of Olgreb {rPois∞}
  9683 | D:9      | Noticed a two-headed ogre
  9714 | D:9      | Killed a two-headed ogre
  9725 | D:9      | Noticed Maurice
  9738 | D:9      | Slain by an ogre

Illustrated notes

Levels and vault maps discovered:
D:1:      kennysheep_arrival_forest, layout_basic
D:2:      layout_basic, uniq_robin
D:3:      layout_rooms, ashenzari_altar_1
D:4:      layout_basic, minmay_temple_entry_trees, first_ration,
          grunt_tough_drop
D:5:      layout_loops_ring, vehumet_altar_wand_db, lemuel_doored_altar,
          led_sif_pool
D:6:      layout_gridville, lightli_sewer_entry_pipes, sword_in_stone,
          uniq_crazy_yiuf_cottage
D:7:      layout_rooms, gammafunk_temple_overflow_wave, elyvilon_altar_4,
          basic_altar, nicolae_ossuary_entry_ruins, uniq_joseph
D:8:      layout_gridville, serial_shops, shop, uniq_pikel
D:9:      layout_basic, erik_lair_dragon, minmay_guarded_unrand_staff_of_olgreb,
          uniq_psyche, uniq_maurice

Skill      XL: |  1  2  3  4  5  6  7  8  9 10 |
---------------+-------------------------------+-----
Long Blades    | 4 5 6 7 9 10 | 10.4
Armour         | 3 4 5 6 7 |  7.7
Fighting       | 4 5 6 7 |  7.4
Dodging        | 3 4 5 |  5.5

Action                   |  1- 3 |  4- 6 |  7- 9 | 10-12 || total
-------------------------+-------+-------+-------+-------++-------
Melee: Falchion          |    87 |   321 |   510 |   207 ||  1125
Invok: Berserk           |     1 |     1 |     8 |     5 ||    15
       Brothers in Arms  |       |       |     2 |     1 ||     3
  Use: Potion            |       |     1 |     2 |       ||     3
       Scroll            |       |       |     8 |     2 ||    10
  Eat: Chunk             |       |    11 |    19 |     8 ||    38
       Ration            |       |       |     1 |     1 ||     2
Armor: Animal skin       |     4 |       |       |       ||     4
       Scale mail        |    29 |   139 |   221 |    64 ||   453
Dodge: Dodged            |    60 |   180 |   327 |    82 ||   649
Block: Other             |       |       |    44 |    39 ||    83
       Reflection        |       |       |     1 |     2 ||     3
       Rpst.: Falchion   |    17 |    57 |    96 |    21 ||   191
